Map: Cyber Forest LE

Players

Neeb - Winner!

  • Race: Protoss Protoss
  • Spawn Location: 5:00

Future

  • Race: Terran Terran
  • Spawn Location: 11:00

Event: 2019 WCS Summer

VOD

Have the link to the VOD?

Description

Time

  • Played on: July 12, 2019, 3:34 p.m.
  • Length: 5:04

All games in this series

Show
View Real Time Build Order
Export as new Build Order

Neeb Protoss - Winner!

Build Orders: 1 Gate Expand, Oracle Opening 

Get SALT Encoding   

  12  0:00  Probe  
  13  0:12  Probe  
  14  0:17  Pylon  
  14  0:23  Probe  
  15  0:31  Probe  
  16  0:36  Gateway  
  16  0:39  Probe  
  16  0:45  Assimilator  
  17  0:51  Probe  
  18  1:03  Probe  
  19  1:15  Probe  
  20  1:23  Nexus  
  20  1:32  Cybernetics Core  
  20  1:35  Probe  
  21  1:41  Assimilator  
  21  1:47  Probe  
  21  1:50  Pylon  
  22  1:58  Adept  
  22  1:59  Probe  
  23  2:02  Pylon  
  23  2:12  Probe  
  26  2:22  Adept, Stargate  
  26  2:24  Probe  
  29  2:35  Probe  
  29  2:36  Probe  
  31  2:38  Warp Gate  
  31  2:45  Shield Battery  
  31  2:48  Probe  
  31  2:50  Probe  
  33  2:55  Adept  
  35  2:58  Oracle  
  35  3:00  Probe  
  35  3:03  Probe  
  37  3:12  Probe  
  41  3:15  Probe  
  42  3:24  Probe  
  43  3:27  Probe, Oracle  
  44  3:36  Probe  
  44  3:39  Probe  
  49  3:44  Pylon  
  49  3:48  Probe, Gateway x2  
  50  3:51  Probe  
  50  3:55  Stalker  
  48  4:03  Probe  
  48  4:04  Shield Battery x2  
  48  4:05  Oracle  
  49  4:12  Probe, Pylon  
  51  4:26  Probe  
  50  4:37  Shield Battery  
  50  4:42  Stalker x2  
  50  4:43  Stalker  
Show
View Real Time Build Order
Export as new Build Order

Future Terran 

Build Orders:  

Get SALT Encoding   

  12  0:00  SCV  
  13  0:13  SCV  
  14  0:17  Supply Depot  
  14  0:25  SCV  
  15  0:38  SCV  
  15  0:40  Barracks  
  16  0:44  Refinery  
  16  0:50  SCV  
  17  1:02  SCV  
  18  1:15  SCV  
  19  1:27  Orbital Command, Barracks Reactor  
  19  1:45  Command Center  
  19  1:53  SCV  
  20  1:57  Supply Depot  
  20  2:02  Barracks  
  20  2:05  SCV  
  20  2:07  Marine  
  22  2:09  Marine  
  23  2:18  SCV  
  24  2:25  Marine  
  24  2:26  Marine  
  26  2:31  SCV  
  26  2:34  Refinery  
  27  2:43  SCV  
  28  2:46  Marine x2  
  28  2:49  Barracks Tech Lab  
  30  2:55  SCV  
  31  2:59  Orbital Command  
  31  3:03  Marine  
  31  3:04  Marine  
  33  3:07  Concussive Shells, SCV  
  33  3:08  Marauder  
  36  3:19  SCV  
  37  3:21  Marine x2  
  37  3:24  Supply Depot  
  37  3:25  SCV  
  40  3:29  Marauder  
  41  3:34  SCV  
  41  3:37  SCV  
  41  3:39  Marine x2  
  44  3:41  Supply Depot  
  44  3:46  SCV  
  45  3:49  SCV  
  45  3:50  Marauder  
  47  4:00  SCV  
  47  4:01  SCV  
  47  4:02  Marine x2  
  44  4:12  SCV  
  44  4:14  Marauder  
  47  4:22  SCV  
  48  4:27  Marine x2  
  44  4:32  SCV  
  44  4:34  SCV  
  44  4:39  Marauder  
  44  4:44  Marine  
  46  4:46  SCV  
  46  4:48  SCV  
Tags
 
Add a new tag
Caveats
  • Supply blocks, unpowered buildings, or Contaminate may cause inaccurate times.
  • Supply counts are checked every 10 seconds.